 Dungeon Crawl Stone Soup version 0.29.0-7-g18a832c13a (webtiles) character file.

Game seed: 4840957338261203364

2909 gelatine the Skirmisher (level 9, -8/69 HPs)
             Began as a Demonspawn Hunter on Aug 30, 2022.
             Was a Follower of Okawaru.
             Mangled by an enormous slime creature (36 damage)
             ... on level 7 of the Dungeon.
             The game lasted 00:22:56 (6378 turns).

gelatine the Skirmisher (Demonspawn Hunter)         Turns: 6378, Time: 00:22:57

Health: -8/69      AC: 16    Str: 17    XL:     9   Next: 49%
Magic:  0/9        EV: 12    Int: 11    God:    Okawaru [*.....]
Gold:   243        SH:  0    Dex: 21    Spells: 8/8 levels left

rFire   . . .      SeeInvis .   m - +2 sling (vorpal)
rCold   . . .      Faith    .   (no shield)
rNeg    . . .      Spirit   +   u - +4 ring mail
rPois   .          Reflect  .   r - +2 helmet
rElec   .          Harm     .   G - +0 cloak
rCorr   .          Rampage  .   E - +0 pair of gloves
Will    .....                   (no boots)
Stlth   ++........              s - amulet of regeneration
HPRegen 1.01/turn               y - +6 ring of strength
MPRegen 0.22/turn               (no ring)

@: about to teleport, studying Short Blades
A: hooves 1, rugged brown scales 1, powered by death 1, magic shield, magic
regeneration
a: Renounce Religion, Heroism


You were on level 7 of the Dungeon.
You worshipped Okawaru.
Okawaru was aware of your devotion.
You visited 2 branches of the dungeon, and saw 8 of its levels.
You also visited: Ossuary.

You collected 405 gold pieces.
You spent 162 gold pieces at shops.

Inventory:

Hand Weapons
 a - a +0 shortbow of venom
 m - a +2 vorpal sling (weapon)
 F - a +3 quarterstaff of chaos
 H - a +5 flail of protection
Armour
 r - a +2 helmet (worn)
 u - a +4 ring mail (worn)
 E - a +0 pair of gloves (worn)
 G - a +0 cloak (worn)
Jewellery
 c - an amulet of faith
 s - an amulet of regeneration (around neck)
 y - a +6 ring of strength (left hand)
 M - a ring of see invisible
Wands
 t - a wand of mindburst (13)
 B - a wand of polymorph (11)
 D - a wand of flame (24)
 J - a wand of roots (8)
Scrolls
 b - a scroll of immolation
 d - 4 scrolls of teleportation
 f - 6 scrolls of noise
 h - 2 scrolls of silence
 q - 3 scrolls of enchant armour
 w - a scroll of poison
 A - 3 scrolls of enchant weapon
 C - a scroll of fear
 K - a scroll of brand weapon
Potions
 e - 2 potions of haste
 g - 4 potions of flight
 i - 5 potions of curing
 j - 4 potions of heal wounds
 k - a potion of cancellation
 l - 2 potions of invisibility
 n - 2 potions of brilliance
 o - 2 potions of lignification
 p - 3 potions of mutation {unknown}
 v - 2 potions of might {unknown}
 x - 2 potions of degeneration {unknown}
 z - a potion of magic {unknown}
 I - a potion of attraction {unknown}


   Skills:
 + Level 4.9 Fighting
 + Level 10.5 Ranged Weapons
 + Level 4.5 Armour
 + Level 3.1 Dodging
 + Level 1.5 Stealth


You had 8 spell levels left.
You didn't know any spells.
Your spell library contained the following spells:

 Spells                   Type           Power      Damage    Failure   Level
 Apportation              Tloc           0%         N/A       52%         1
 Ignite Poison            Fire/Tmut/Pois 0%         N/A       88%         3
 Mephitic Cloud           Conj/Pois/Air  0%         N/A       88%         3
 Portal Projectile        Hex/Tloc       0%         N/A       88%         3
 Passage of Golubria      Tloc           0%         N/A       99%         4
 Blade Hands              Tmut           0%         N/A       100%        5
 Freezing Cloud           Conj/Ice/Air   0%         6-21      100%        5
 Yara's Violent Unravell  Hex/Tmut       0%         3d3       100%        5
 Summon Small Mammal      Summ           Unusable   N/A       N/A         1
 Tukima's Dance           Hex            Unusable   N/A       N/A         3
 Malign Gateway           Summ/Tloc      Unusable   N/A       N/A         7

Dungeon Overview and Level Annotations

Branches:
Dungeon (7/15)             Temple (1/1) D:5         Ossuary (visited)

Altars:
Ashenzari
Cheibriados
Dithmenos
Gozag
Hepliaklqana
Makhleb
Nemelex Xobeh
Okawaru
Qazlal
Ru
Sif Muna
Trog
Uskayaw
Vehumet
Wu Jian
Xom
Yredelemnul

Shops:
D:4 :   D:5 *


Innate Abilities, Weirdness & Mutations

You have large cloven feet.
You are partially covered in rugged brown scales. (AC +1, +3% HP)
You regenerate a little health from kills.
When hurt, damage is shared between your health and your magic reserves.
You regenerate magic rapidly.


Message History

The sling bullet hits the slime creature.
The slime creature is severely wounded.
The slime creature closely misses you.
You shoot a sling bullet.
The sling bullet hits the slime creature.
The slime creature is severely wounded.
The slime creature hits you.
Two slime creatures merge to form a large slime creature.
You shoot a sling bullet.
The sling bullet hits the large slime creature.
The large slime creature is heavily wounded.
Two slime creatures merge to form a large slime creature.
You shoot a sling bullet.
The sling bullet hits the large slime creature.
The large slime creature is heavily wounded.
The large slime creature hits you!!
You shoot a sling bullet.
The sling bullet hits the large slime creature but does no damage.
The large slime creature is heavily wounded.
The large slime creature misses you.
You shoot a sling bullet.
The sling bullet hits the large slime creature.
The large slime creature is heavily wounded.
A large slime creature splits.
Two slime creatures merge to form a very large slime creature.
You shoot a sling bullet.
The sling bullet hits the slime creature.
The slime creature is heavily wounded.
The very large slime creature attacks as you move away!
The very large slime creature hits you!!!
Ouch! That really hurt!
* * * LOW HITPOINT WARNING * * *
Two slime creatures merge to form an enormous slime creature.
You feel much better.
As you read the scroll of teleportation, it crumbles to dust.
You feel strangely unstable.
The enormous slime creature attacks as you move away!
The enormous slime creature hits you!!!
Ouch! That really hurt!
You die...

#......#.......###..........#...#
#......#.....[.###....>....##....
#......#...........###..#####.###
#..............#######..####..#..
#..............######.........+._
#).......................###..#..
#......#.......#..........###.###
########........J#.#####..<##....
#........#@..### ##...<...#
###....).........######)#.###
#####..........#####...## #.###..
.........~~~~...# ###..####...#.
.....##..~~~~8..# ##........##
....###..~~~~..†###########......
......................<.......[..
....##.#......#############....##
######.....#### #....##


You could see an enormous slime creature.

Vanquished Creatures
  A shadow (D:6)
  A wyvern (D:7)
  A yak (D:6)
  Menkaure (D:7)
  Edmund (D:6)
  A water moccasin (D:5)
  An ice beast (D:5)
  An orc warrior (D:7)
  2 sky beasts (D:7)
  3 black bears
  3 ogres
  A centaur (D:7)
  A phantom (D:6)
  4 scorpions
  A necrophage (D:5)
  3 water moccasin zombies (Ossuary)
  An orc priest (D:7)
  A jelly (D:5)
  Crazy Yiuf (D:6)
  4 hounds
  4 iguanas
  Jessica (D:2)
  Ijyb (D:5)
  An orc wizard (D:7)
  3 mummies
  6 adders
  A shadow imp (D:6)
  An ufetubus (D:5)
  3 adder zombies (Ossuary)
  3 worms
  4 dart slugs
  13 orcs
  5 ball pythons
  9 endoplasms
  9 goblins
  7 hobgoblins
  9 quokkas
  8 bats
  2 frilled lizards (D:1)
  2 gnoll zombies (Ossuary)
  9 hobgoblin zombies (Ossuary)
  8 kobolds
  3 kobold zombies (Ossuary)
  3 orc zombies (Ossuary)
  2 rats (D:2)
150 creatures vanquished.

Notes
Turn   | Place    | Note
-------+----------+-------------------------------------------
     0 | D:1      | gelatine the Demonspawn Hunter began the quest for the Orb.
     0 | D:1      | Reached XP level 1. HP: 16/16 MP: 1/1
   319 | D:1      | Gained mutation: You are partially covered in rugged brown
                  | scales. (AC +1, +3% HP) [demonic ancestry]
   319 | D:1      | Reached XP level 2. HP: 16/22 MP: 2/2
   430 | D:1      | Reached skill level 4 in Ranged Weapons
   833 | D:1      | Gained mutation: You regenerate magic rapidly. [demonic
                  | ancestry]
   833 | D:1      | Reached XP level 3. HP: 27/27 MP: 3/3
  1211 | D:2      | Reached skill level 1 in Armour
  1619 | D:2      | Reached XP level 4. HP: 33/33 MP: 4/4
  1659 | D:2      | Noticed Jessica
  1665 | D:2      | Killed Jessica
  1666 | D:2      | Reached skill level 5 in Ranged Weapons
  2042 | D:3      | Found a burning altar of Makhleb.
  2172 | D:3      | Found a snail-covered altar of Cheibriados.
  2767 | D:4      | Found Moyxum's Self-Improvement Boutique.
  2816 | D:4      | Reached XP level 5. HP: 39/39 MP: 5/5
  2836 | D:4      | Noticed a black bear
  2851 | D:4      | Killed a black bear
  2879 | D:4      | Noticed a black bear
  2888 | D:4      | Killed a black bear
  2889 | D:4      | Gained mutation: You regenerate a little health from kills.
                  | [demonic ancestry]
  2889 | D:4      | Reached XP level 6. HP: 41/47 MP: 6/6
  2939 | D:4      | Reached skill level 6 in Ranged Weapons
  3039 | D:4      | Found a sand-covered staircase.
  3056 | Ossuary  | Entered an ossuary
  3118 | Ossuary  | Gained mutation: When hurt, damage is shared between your
                  | health and your magic reserves. [demonic ancestry]
  3118 | Ossuary  | Reached XP level 7. HP: 53/53 MP: 7/7
  3347 | D:4      | You fall into a shaft and drop 2 floors!
  3411 | D:6      | Reached skill level 7 in Ranged Weapons
  3420 | D:5      | Entered Level 5 of the Dungeon
  3710 | D:5      | Found Ythrath's General Store.
  3713 | D:5      | Bought a potion of heal wounds for 65 gold pieces
  3713 | D:5      | Bought a scroll of enchant weapon for 97 gold pieces
  3846 | D:5      | Noticed Ijyb
  3872 | D:5      | Killed Ijyb
  3873 | D:5      | Reached XP level 8. HP: 59/59 MP: 8/8
  3898 | D:5      | Reached skill level 8 in Ranged Weapons
  4149 | D:5      | Reached skill level 1 in Stealth
  4153 | D:5      | Found a staircase to the Ecumenical Temple.
  4162 | Temple   | Entered the Ecumenical Temple
  4490 | Temple   | Became a worshipper of Warmaster Okawaru
  4655 | D:5      | Got Zisaog's Papyrus of the Non-Euclidean Entourage
  4737 | D:5      | Found a hide-covered altar of Uskayaw.
  4926 | D:6      | Reached skill level 9 in Ranged Weapons
  4937 | D:6      | HP: 1/61 [something (17)]
  5113 | D:6      | Found a runed translucent door.
  5114 | D:6      | Noticed Crazy Yiuf
  5169 | D:6      | Reached * piety under Okawaru
  5281 | D:6      | Gained mutation: You have large cloven feet. [demonic
                  | ancestry]
  5281 | D:6      | Reached XP level 9. HP: 66/66 MP: 9/9
  5426 | D:6      | Noticed an angel
  5431 | D:6      | Found a basalt altar of Yredelemnul.
  5431 | D:6      | Noticed Edmund
  5453 | D:6      | Killed Edmund
  5698 | D:6      | Killed Crazy Yiuf
  5884 | D:7      | Reached skill level 10 in Ranged Weapons
  5891 | D:7      | Noticed Menkaure
  5901 | D:7      | Killed Menkaure
  5976 | D:7      | Found a sacrificial altar of Ru.
  6268 | D:7      | Found a broken altar of Ashenzari.
  6378 | D:7      | Mangled by an enormous slime creature

Illustrated notes

Levels and vault maps discovered:
D:1:      dpeg_arrival_brainrot, layout_loops_ring
D:2:      layout_basic, uniq_jessica
D:3:      layout_basic, lemuel_crystal_altar, mainiacjoe_overflow_24_doors
D:4:      layout_cave_pools, gup_ossuary_entry_pyramid, nicolae_shop_self_help
D:5:      layout_basic, nicolae_uskayaw_suspiria,
          minmay_temple_entry_statues_fountains, serial_shops, shop,
          st_stairs_14, uniq_ijyb
D:6:      layout_cave_pods, grunt_temple_overflow_holy_war, minmay_manual_moon,
          uniq_crazy_yiuf_cottage, uniq_edmund
D:7:      layout_rooms, kennysheep_mini, nicolae_ashenzari_skybound,
          serial_park_tiny_pond, uniq_menkaure
Temple:   oiseaux_autumnal_temple

Skill      XL: |  1  2  3  4  5  6  7  8  9 |
---------------+----------------------------+-----
Ranged Weapons | 4 5 6 7 9 10 | 10.5
Armour         | 1 2 3 4 |  4.5
Dodging        | 2 3 |  3.1
Fighting       | 3 4 |  4.9
Stealth        | 1 |  1.5

Action                   |  1- 3 |  4- 6 |  7- 9 || total
-------------------------+-------+-------+-------++-------
 Fire: Shortbow          |   108 |    46 |       ||   154
       Sling             |       |    85 |   385 ||   470
Evoke: Wand              |       |       |     1 ||     1
  Use: Scroll            |       |     6 |    10 ||    16
       Potion            |       |       |     2 ||     2
Armor: Leather armour    |    30 |     4 |       ||    34
       Ring mail         |       |    46 |    99 ||   145
Dodge: Dodged            |    58 |    55 |   108 ||   221
